 Dungeon Crawl Stone Soup version 0.20.0-6-gd3061e9 (webtiles) character file.

112 HungrySpirit the Ducker (level 5, -1/32 HPs)
             Began as a Halfling Ice Elementalist on May 28, 2017.
             Slain by Crazy Yiuf
             ... wielding a +3 quarterstaff of chaos
              (16 damage)
             ... on level 3 of the Dungeon.
             The game lasted 00:06:26 (2403 turns).

HungrySpirit the Ducker (Halfling Ice Elementalist) Turns: 2403, Time: 00:06:26

Health: -1/32      AC:  6    Str:  9    XL:     5   Next: 16%
Magic:  3/7        EV: 16    Int: 13    God:
Gold:   117        SH:  0    Dex: 16    Spells: 6/7 levels left

rFire    . . .     SeeInvis .   g - +2 dagger (drain)
rCold    . . .     Gourm    .   (shield restricted)
rNeg     + . .     Faith    .   a - +0 robe
rPois    .         Spirit   .   (no helmet)
rElec    .         Reflect  .   w - +0 cloak
rCorr    .         Harm     .   (no gloves)
MR       .....                  (no boots)
Stlth    ++........             (no amulet)
Regen    0.1/turn               o - ring of positive energy
MPRegen  0.1/turn               x - +3 ring of protection

@: no status effects
A: mutation resistance 1
a: no special abilities


You were on level 3 of the Dungeon.
You were not hungry.

You visited 1 branch of the dungeon, and saw 3 of its levels.

You collected 117 gold pieces.

Inventory:

Hand Weapons
 g - a +2 dagger of draining (weapon)
 n - a +0 short sword
Armour
 a - a +0 robe (worn)
 w - a +0 cloak (worn)
Jewellery
 o - a ring of positive energy (left hand)
 x - a +3 ring of protection (right hand)
Scrolls
 e - a scroll of remove curse
 f - a scroll of identify
 h - a scroll of recharging {unknown}
 j - a scroll of magic mapping {unknown}
 l - 2 scrolls of blinking {unknown}
 r - 2 scrolls of enchant weapon {unknown}
 t - 2 scrolls of teleportation {unknown}
Potions
 d - a potion of heal wounds {unknown}
 i - a potion of cancellation {unknown}
 m - 2 potions of flight {unknown}
 q - 2 potions of lignification {unknown}
 u - a potion of berserk rage {unknown}
 v - a potion of might {unknown}
 z - a potion of curing {unknown}
Books
 b - a book of Frost

   Spells                             Type                      Level
   a - Freeze                         Ice                          1
   b - Throw Frost                    Conjuration/Ice              2
   c - Ozocubu's Armour               Charms/Ice                   3
   d - Throw Icicle                   Conjuration/Ice              4
   e - Summon Ice Beast               Ice/Summoning                4
Comestibles
 c - 3 bread rations
 p - 2 meat rations
 s - a royal jelly


   Skills:
 - Level 0.8 Fighting
 * Level 3.2 Short Blades
 + Level 3.4 Dodging
 + Level 3.2 Stealth
 - Level 1.5 Spellcasting
   Level 0.7 Conjurations
 - Level 3.0 Ice Magic


You had 6 spell levels left.
You knew the following spells:

 Your Spells              Type           Power        Failure   Level  Hunger
a - Freeze                Ice            #...         8%          1    ##.....


Dungeon Overview and Level Annotations

Branches:
Dungeon (3/15)

Altars:

Annotations:
D:3 Bronet's ghost, amateur TeGl; Crazy Yiuf


Innate Abilities, Weirdness & Mutations

You are small and have problems with some larger weapons.
You are somewhat resistant to further mutation.


Message History

You hit Crazy Yiuf.
Crazy Yiuf is lightly wounded.
Crazy Yiuf closely misses you.
You barely miss Crazy Yiuf.
Crazy Yiuf is lightly wounded.
Crazy Yiuf yells, "Nubble King mobile!"
Crazy Yiuf hits you with a quarterstaff of chaos!
You hit Crazy Yiuf.
Crazy Yiuf is moderately wounded.
Crazy Yiuf flaps his cloak.
Crazy Yiuf hits you with a quarterstaff of chaos!
You feel your power leaking away.
You barely miss Crazy Yiuf.
Crazy Yiuf is moderately wounded.
There is an open door here.
You barely miss Crazy Yiuf.
Crazy Yiuf is moderately wounded.
Crazy Yiuf hits you with a quarterstaff of chaos!
Ouch! That really hurt!
You die...

##### ######## #...# #....... ###
#...# #....... ....#...# #.......
....#...##♣♣ ##### #.......
....#....#.♣♣ ♣♣#..)# #.......
....#.......♣♣♣♣@g...# #.......
..........PP.♣..♣#...# #.......
####.)...#P.♣.♣♣♣##### #.......
........##♣♣♣♣♣ ###.#'#'
#####...# #.#.#. ... +...##
########## #.#<#.
..###....#####........######.###.
...................[.........>.#.
#..#####.##.##......÷........#.#.


You could see Crazy Yiuf.

Vanquished Creatures
  3 gnolls (D:3)
  An adder (D:2)
  3 worms
  A dart slug (D:1)
  2 leopard geckos
  An orc (D:3)
  2 giant cockroaches
  4 goblins
  10 hobgoblins
  3 jackals (D:2)
  A quokka (D:2)
  8 bats
  6 frilled lizards
  5 kobolds
  A quokka skeleton (D:3)
  10 rats
  A fungus (D:3)
62 creatures vanquished.

Notes
Turn   | Place    | Note
-------+----------+-------------------------------------------
     0 | D:1      | HungrySpirit the Halfling Ice Elementalist began the quest for the Orb.
     0 | D:1      | Reached XP level 1. HP: 11/11 MP: 3/3
   301 | D:1      | Reached XP level 2. HP: 18/18 MP: 0/4
   673 | D:1      | Reached skill level 1 in Short Blades
   824 | D:1      | Reached XP level 3. HP: 20/22 MP: 5/5
  1343 | D:2      | Reached XP level 4. HP: 23/27 MP: 6/6
  1857 | D:3      | Reached XP level 5. HP: 32/32 MP: 7/7
  2070 | D:3      | Noticed Bronet's ghost (amateur TeGl)
  2389 | D:3      | Found a runed door.
  2394 | D:3      | Noticed Crazy Yiuf
  2403 | D:3      | Slain by Crazy Yiuf

Skill      XL: |  1  2  3  4 |
---------------+-------------+-----
Short Blades   | 1 2 3 |  3.2
Dodging        | 3 |  3.4
Stealth        | 3 |  3.2
Fighting       | |  0.8
Spellcasting   | |  1.5
Conjurations   | |  0.7
Ice Magic      | |  3.0

Action                   |  1- 3 |  4- 6 || total
-------------------------+-------+-------++-------
Melee: Unarmed           |    12 |       ||    12
       Short sword       |    22 |       ||    22
       Club              |    10 |       ||    10
       Dagger            |    47 |   106 ||   153
 Cast: Freeze            |    20 |     1 ||    21
  Use: Scroll            |       |     2 ||     2
 Stab: Sleeping          |     3 |     2 ||     5
  Eat: Chunk             |     2 |     4 ||     6
Armor: Robe              |    26 |    10 ||    36
Dodge: Dodged            |   102 |    56 ||   158
